 Dungeon Crawl Stone Soup version 0.19-b1-3-g7dea586 (webtiles) character file.

1261 Snowbleach the Chopper (level 8, -5/71 HPs)
             Began as a Minotaur Berserker on Oct 29, 2016.
             Was an Elder of Trog.
             Slain by an ogre
             ... wielding a +0 giant club
              (20 damage)
             ... on level 4 of the Dungeon.
             The game lasted 00:26:09 (4689 turns).

Snowbleach the Chopper (Minotaur Berserker)         Turns: 4689, Time: 00:26:10

Health: -5/71      AC:  4    Str: 24    XL:     8   Next: 27%
Magic:  7/7        EV: 14    Int:  4    God:    Trog [****..]
Gold:   291        SH:  0    Dex: 10    Spells: 0 memorised, 7 levels left

rFire  . . .     SeeInvis .     a - +0 hand axe
rCold  . . .     Gourm    .     q - +2 animal skin
rNeg   . . .     Faith    .     (no shield)
rPois  .         Spirit   .     (helmet restricted)
rElec  .         Reflect  .     (no cloak)
rCorr  .         Harm     .     (no gloves)
MR     .....                    (no boots)
Stlth  +.........               (no amulet)
                                (no ring)
                                (no ring)

@: very slightly contaminated
A: retaliatory headbutt, horns 2
a: Berserk, Trog's Hand, Brothers in Arms, Burn Spellbooks, Renounce Religion


You were on level 4 of the Dungeon.
You worshipped Trog.
Trog was greatly pleased with you.
You were hungry.

You visited 1 branch of the dungeon, and saw 5 of its levels.

You collected 291 gold pieces.

Inventory:

Hand Weapons
 a - a +0 hand axe (weapon)
 u - a +0 club
Armour
 q - a +2 animal skin (worn)
Jewellery
 f - a +4 ring of dexterity {unknown}
Wands
 o - a wand of lightning (8/15)
Scrolls
 b - 2 scrolls of teleportation
 e - 2 scrolls of remove curse {unknown}
 g - 2 scrolls of recharging {unknown}
 i - a scroll of blinking {unknown}
 k - a scroll of random uselessness {unknown}
 l - a scroll of fog {unknown}
 r - a scroll of immolation {unknown}
 s - a scroll of enchant weapon {unknown}
 t - 2 scrolls of enchant armour {unknown}
 v - a scroll of magic mapping {unknown}
Potions
 d - 2 potions of heal wounds
 h - 4 potions of curing
 j - 3 potions of haste
 w - a potion of might {unknown}
 z - a potion of brilliance {unknown}
Comestibles
 c - a bread ration
 m - a fruit
 n - 2 beef jerkies
 p - 2 meat rations
 x - 6 chunks of flesh


   Skills:
 + Level 6.9 Fighting
 + Level 7.0 Axes
 + Level 6.4 Armour
 + Level 5.9 Dodging


You had 7 spell levels left.
You didn't know any spells.

Dungeon Overview and Level Annotations

Branches:
Dungeon (5/15)
 Temple: D:4-7

Altars:
Yredelemnul

Shops:
D:4 }   D:5 }


Innate Abilities, Weirdness & Mutations

You reflexively headbutt those who attack you in melee.
You have a pair of horns on your head.


Message History

Your Axes skill increases to level 7!
You closely miss the ogre. The ogre closely misses you.
You hit the ogre.
The ogre is lightly wounded.
An iguana comes into view.
You slash the ogre!
The ogre is severely wounded.
The ogre hits you with a giant club!!
* * * LOW HITPOINT WARNING * * *
A howler monkey comes into view.
The iguana closely misses you. You furiously retaliate!
You headbutt the iguana, but do no damage.
The sentinel's mark upon you fades away.
There is a stone staircase leading up here.
The ogre barely misses you. The iguana barely misses you.
The howler monkey hoots and howls with incredible vigour!
You climb upwards.
There is a stone staircase leading down here.
The ogre hits you with a giant club!!
You die...

#.#...............##♣♣♣P≈≈
#.....#####.......####≈♣♣≈
#..............).......P≈♣
##....####........#.......
#....# #.########.....#.
#....# #.# #.....## #....# #.#
#.....#
##############O########.....##
#............@l.............'.
#.#####################.....##
#.##.................##.....##
#.##.#######........[##.......
#.##.# ##.........##......#
#.##.######..................#
#.##.................##......#
#.##.................##......#
#.##........########.##......#


You could see an ogre and an iguana.

Vanquished Creatures
  The ghost of motku01 the Cudgeler, a novice OpFi (D:4)
  Grinder (D:5)
  A phantom (D:3)
  2 ogres
  A centaur (D:5)
  The ghost of Chiseanne the Magician, a weakling DsWz (D:3)
  A crimson imp (D:4)
  2 hounds
  2 orc priests (D:5)
  2 orc wizards (D:5)
  2 worker ants
  Robin (D:2)
  6 adders
  An adder skeleton (D:4)
  2 dart slugs (D:3)
  4 leopard geckos
  6 orcs
  5 giant cockroaches
  18 goblins
  13 hobgoblins
  8 jackals
  5 kobolds
  3 quokkas
  A ball python (D:3)
  12 bats
  7 frilled lizards
  A quokka skeleton (D:5)
  7 rats
116 creatures vanquished.

Notes
Turn   | Place    | Note
-------+----------+-------------------------------------------
     0 | D:1      | Snowbleach the Minotaur Berserker began the quest for the Orb.
     0 | D:1      | Reached XP level 1. HP: 19/19 MP: 0/0
   181 | D:1      | Reached XP level 2. HP: 22/27 MP: 1/1
   861 | D:2      | Reached skill level 4 in Axes
   887 | D:2      | Reached ** piety under Trog
   910 | D:2      | Reached XP level 3. HP: 30/33 MP: 2/2
   948 | D:2      | Found a basalt altar of Yredelemnul.
  1636 | D:2      | Noticed Robin
  1640 | D:2      | Reached XP level 4. HP: 40/40 MP: 3/3
  1645 | D:2      | Killed Robin
  1774 | D:2      | Reached *** piety under Trog
  1786 | D:3      | Noticed Chiseanne's ghost (weakling DsWz)
  1789 | D:3      | Killed Chiseanne's ghost
  1840 | D:3      | Reached XP level 5. HP: 47/47 MP: 4/4
  2407 | D:4      | Noticed an ogre
  2414 | D:4      | Killed an ogre
  2414 | D:4      | Reached skill level 5 in Fighting
  2458 | D:4      | Noticed motku01's ghost (novice OpFi)
  2623 | D:4      | Noticed a phantom
  2632 | D:4      | Killed motku01's ghost
  2632 | D:4      | Reached skill level 5 in Axes
  2632 | D:4      | Reached skill level 5 in Armour
  2632 | D:4      | Reached XP level 6. HP: 11/56 MP: 5/5
  2632 | D:4      | Reached XP level 7. HP: 12/61 MP: 6/6
  3128 | D:4      | Found Tyukom's Gadget Boutique.
  3281 | D:4      | Reached **** piety under Trog
  3301 | D:4      | Reached skill level 5 in Dodging
  3901 | D:4      | Reached skill level 6 in Axes
  4065 | D:5      | Entered Level 5 of the Dungeon
  4547 | D:5      | Found Ligriept's Gadget Shoppe.
  4570 | D:5      | Reached XP level 8. HP: 71/71 MP: 7/7
  4587 | D:5      | Noticed Grinder
  4644 | D:5      | Killed Grinder
  4677 | D:5      | Reached skill level 7 in Axes
  4689 | D:4      | Slain by an ogre

Skill      XL: |  1  2  3  4  5  6  7  8 |
---------------+-------------------------+-----
Fighting       | 4 5 6 |  6.9
Axes           | 4 5 6 7 |  7.0
Armour         | 3 5 6 |  6.4
Dodging        | 3 4 5 |  5.9

Action                   |  1- 3 |  4- 6 |  7- 9 || total
-------------------------+-------+-------+-------++-------
Melee: Hand axe          |    88 |    86 |   110 ||   284
       Headbutt          |    15 |    14 |    15 ||    44
Invok: Berserk           |     1 |     2 |     2 ||     5
       Burn Spellbooks   |       |     1 |     1 ||     2
  Use: Potion            |       |       |     4 ||     4
       Scroll            |       |       |     1 ||     1
 Stab: Sleeping          |     1 |       |       ||     1
  Eat: Chunk             |     2 |     5 |     4 ||    11
       Bread ration      |       |       |     1 ||     1
       Fruit             |       |       |     1 ||     1
Armor: Animal skin       |    15 |    13 |    19 ||    47
Dodge: Dodged            |    63 |    53 |    72 ||   188
